 Dungeon Crawl Stone Soup version 0.29-a0-982-gaed3a0c8d8 (webtiles) character file.

Game seed: 3177972893442515600

18 MisterAzrael the Magician (level 2, -2/15 HPs)
             Began as a Deep Elf Air Elementalist on Aug 1, 2022.
             Slain by a hobgoblin (5 damage)
             ... on level 2 of the Dungeon.
             The game lasted 00:01:35 (1057 turns).

MisterAzrael the Magician (DEAE)                    Turns: 1057, Time: 00:01:36

Health: -2/15      AC:  2    Str:  5    XL:     2   Next: 51%
Magic:  3/8        EV:  9    Int: 19    God:
Gold:   82         SH:  0    Dex: 15    Spells: 5/7 levels left

rFire   . . .      SeeInvis .   (no weapon)
rCold   . . .      Faith    .   (no shield)
rNeg    . . .      Spirit   .   a - +0 robe
rPois   .          Reflect  .   (no helmet)
rElec   .          Harm     .   (no cloak)
rCorr   .          Rampage  .   (no gloves)
Will    .....                   (no boots)
Stlth   ++........              (no amulet)
HPRegen 0.05/turn               c - ring of flight
MPRegen 0.11/turn               (no ring)

@: flying, constricted
A: no striking features
a: no special abilities


You were on level 2 of the Dungeon.
You visited 1 branch of the dungeon, and saw 2 of its levels.

You collected 82 gold pieces.

Inventory:

Armour
 a - a +0 robe (worn)
Jewellery
 c - a ring of flight (left hand)
Scrolls
 e - a scroll of enchant weapon {unknown}
 i - a scroll of butterflies {unknown}
 j - a scroll of teleportation {unknown}
 k - a scroll of acquirement {unknown}
Potions
 b - a potion of magic
 f - a potion of heal wounds {unknown}
 g - a potion of mutation {unknown}
 h - a potion of degeneration {unknown}
 l - a potion of resistance {unknown}


   Skills:
 - Level 2.4 Dodging
 - Level 2.4 Stealth
 + Level 3.4 Spellcasting
 * Level 2.1 Conjurations
 + Level 3.2 Air Magic


You had 5 spell levels left.
You knew the following spells:

 Your Spells              Type           Power      Damage    Failure   Level
a - Shock                 Conj/Air       52%        1d6       4%          1
b - Necrotise             Necr           12%        1d4       14%         1

Your spell library contained the following spells:

 Spells                   Type           Power      Damage    Failure   Level
 Static Discharge         Conj/Air       13%        3-5/arc   8%          2
 Swiftness                Air            15%        N/A       12%         3
 Ensorcelled Hibernation  Hex/Ice        6%         N/A       22%         2
 Airstrike                Air            7%         0-4+      36%         4
 Spider Form              Tmut/Pois      3%         N/A       41%         3
 Vampiric Draining        Necr           3%         2d6       41%         3
 Anguish                  Hex/Necr       1%         N/A       82%         4
 Agony                    Necr           3%         N/A       99%         5


Dungeon Overview and Level Annotations

Branches:
Dungeon (2/15)

Altars:

Shops:
D:2 :


Message History

There is a stone staircase leading up here.
A hobgoblin comes into view.
The hobgoblin shouts!
A ball python comes into view.
A bat comes into view.
The hobgoblin closely misses you.
Aiming: Shock (safe; 4% risk of failure)
Press: ? - help, Q - select action, (/) - cycle Shift-Dir - straight line, f/p - worm
Aim: a worm (moderately wounded, 89% to hit)
Okay, then.
The bat hits you but does no damage. The hobgoblin hits you.
The ball python hisses angrily.
The bat closely misses you. The hobgoblin attacks as you move away!
The hobgoblin barely misses you. The bat barely misses you.
The ball python bites you. The ball python grabs you.
The ball python constricts you.
You hit the bat.
The bat is moderately wounded.
The bat hits you but does no damage. The ball python bites you.
The ball python constricts you.
The hobgoblin hits you but does no damage.
You escape the ball python's grasp.
Found an escape hatch in the ceiling.
The bat hits you but does no damage. The bat hits you.
The ball python barely misses you. The ball python misses you.
The hobgoblin hits you. The bat closely misses you.
The ball python bites you but does no damage.
The ball python barely misses you. The bat hits you but does no damage.
The ball python attacks as you move away!
The ball python barely misses you. The bat closely misses you.
As you read the scroll labelled VOHAIBEITA, it crumbles to dust.
The creatures around you are filled with an inner flame!
It was a scroll of immolation.
The bat hits you but does no damage. The ball python completely misses you.
The ball python closely misses you. The ball python bites you.
* * * LOW HITPOINT WARNING * * *
The ball python grabs you. The ball python constricts you.
* * * LOW HITPOINT WARNING * * *
The hobgoblin hits you.
You die...

#######
##.....##
##.......##
#.......<.#
#.........#
#.........#
#.........#
#..@......#####
##gS...........
#.....?.....####
#..wb.....#.....
#..........###
#.....†......#
#.........##.#
##≈≈≈.....## #
#≈≈≈≈≈...<#


You could see a worm (inner flame), a hobgoblin (inner flame), a bat (inner
flame) and a ball python (inner flame).

Vanquished Creatures
  A worm (D:2)
  A giant cockroach (D:1)
  2 goblins (D:1)
  2 hobgoblins (D:1)
  A kobold (D:1)
  2 quokkas (D:1)
  3 ball pythons (D:1)
  2 rats
14 creatures vanquished.

Notes
Turn   | Place    | Note
-------+----------+-------------------------------------------
     0 | D:1      | MisterAzrael the Deep Elf Air Elementalist began the quest
                  | for the Orb.
     0 | D:1      | Reached XP level 1. HP: 10/10 MP: 6/6
   456 | D:1      | Learned a level 1 spell: Necrotise
   688 | D:1      | Reached XP level 2. HP: 15/15 MP: 4/8
   972 | D:2      | Found Tady's Book Boutique.
  1057 | D:2      | Slain by a hobgoblin

Illustrated notes

Levels and vault maps discovered:
D:1:      noname_arrival_rooms_in_the_neighbourhood, layout_basic,
          shapermc_ecumenical_altar_totnotflames
D:2:      layout_rooms, serial_shops, nicolae_shop_waterfront

Skill      XL: |  1  2 |
---------------+-------+-----
Conjurations   | 2 |  2.1
Dodging        | |  2.4
Stealth        | |  2.4
Spellcasting   | |  3.4
Air Magic      | |  3.2

Action                   || total
-------------------------++-------
Melee: Unarmed           ||     1
 Cast: Shock             ||    32
       Necrotise         ||     2
  Use: Scroll            ||     1
Armor: Robe              ||     7
Dodge: Dodged            ||    13

Table legend: (Time is in decaauts)
 A = Elapsed time spent in this place.
 B = Non-inter-level travel time spent in this place.
 C = Inter-level travel time spent in this place.
 D = Time resting spent in this place.
 E = Time spent auto-exploring this place.
 F = Levels seen in this place.
 G = Mean time per level.
                   A        B        C        D        E       F      G
               +--------+--------+--------+--------+--------+-----+--------+
         Total |   1056 |   1018 |     38 |     48 |    831 |   2 |  528.0 |
       Dungeon |   1056 |   1018 |     38 |     48 |    831 |   2 |  528.0 |
               +--------+--------+--------+--------+--------+-----+--------+

Top non-repeatable levels by time:
     D:1: 971 daAuts
     D:2: 84 daAuts
